 Dungeon Crawl Stone Soup version 0.24.0-13-gcf9b319 (webtiles) character file.

Game seed: 10908922756755327635, levelgen mode: deterministic

858 shmeve the Chopper (level 7, -3/64 HPs)
             Began as a Minotaur Berserker on Apr 13, 2020.
             Was an Elder of Trog.
             Slain by a centaur (6 damage)
             ... on level 5 of the Dungeon.
             The game lasted 00:06:34 (3632 turns).

shmeve the Chopper (Minotaur Berserker)             Turns: 3632, Time: 00:06:34

Health: -3/64      AC: 12    Str: 22    XL:     7   Next: 71%
Magic:  6/6        EV:  9    Int:  5    God:    Trog [****..]
Gold:   120        SH:  0    Dex: 10    Spells: 6/6 levels left

rFire    . . .     SeeInvis .   a - +0 hand axe
rCold    . . .     Gourm    .   (no shield)
rNeg     . . .     Faith    .   i - +0 chain mail
rPois    .         Spirit   .   k - +2 hat
rElec    .         Reflect  .   m - +0 cloak
rCorr    .         Harm     .   (no gloves)
MR       .....                  (no boots)
Stlth    ..........             (no amulet)
HPRegen  0.20/turn              (no ring)
MPRegen  0.10/turn              (no ring)

@: berserk cooldown, slowed, very slow
A: retaliatory headbutt, horns 2
a: Berserk, Trog's Hand, Brothers in Arms, Renounce Religion


You were on level 5 of the Dungeon.
You worshipped Trog.
Trog was greatly pleased with you.
You were not hungry.

You visited 1 branch of the dungeon, and saw 5 of its levels.
You also visited: Ossuary.

You collected 252 gold pieces.
You spent 132 gold pieces at shops.

Inventory:

Hand Weapons
 a - a +0 hand axe (weapon)
Armour
 i - a +0 chain mail (worn)
 k - a +2 hat (worn)
 m - a +0 cloak (worn)
Jewellery
 o - an uncursed ring of stealth {unknown}
 u - an uncursed amulet of magic regeneration {unknown}
Scrolls
 e - 4 scrolls of identify {unknown}
 f - 3 scrolls of enchant armour {unknown}
 h - 3 scrolls of magic mapping {unknown}
 j - 3 scrolls of teleportation {unknown}
 p - a scroll of enchant weapon {unknown}
 r - 4 scrolls of remove curse {unknown}
 t - a scroll of amnesia {unknown}
 v - a scroll of random uselessness {unknown}
 w - a scroll of acquirement {unknown}
Potions
 b - a potion of degeneration {unknown}
 d - a potion of haste {unknown}
 g - 2 potions of heal wounds {unknown}
 l - 4 potions of might
 n - a potion of lignification {unknown}
 q - 3 potions of agility {unknown}
 s - a potion of invisibility {unknown}
 z - a potion of ambrosia {unknown}
 A - a potion of brilliance {unknown}
Comestibles
 c - 5 rations
 x - 6 chunks of flesh


   Skills:
 * Level 6.6 Fighting
 * Level 6.7 Axes
 + Level 3.1 Throwing
 + Level 4.5 Armour
 + Level 4.0 Dodging


You had 6 spell levels left.
You didn't know any spells.
Your spell library was empty.

Dungeon Overview and Level Annotations

Branches:
Dungeon (5/15)            Ossuary (visited)
 Temple: D:4-7

Altars:
Gozag
Qazlal

Shops:
D:4 *


Innate Abilities, Weirdness & Mutations

You reflexively headbutt those who attack you in melee.
You have a pair of horns on your head.


Message History

Trog accepts your kill.
Your Throwing skill increases to level 3!
Your Dodging skill increases to level 4!
The centaur hits you.
* * * LOW HITPOINT WARNING * * *
Your chain mail prevents you from hitting the centaur.
The centaur is heavily wounded.
The centaur hits you.
* * * LOW HITPOINT WARNING * * *
The centaur hits you but does no damage.
You closely miss the centaur.
The centaur is heavily wounded.
The centaur hits you but does no damage.
The centaur barely misses you.
You hit the centaur.
The centaur is severely wounded.
The centaur hits you.
* * * LOW HITPOINT WARNING * * *
The centaur hits you.
You die...

#..##..##....#
#.............#
#.........(..[#
##..#######'###
#.( #...##((.#
#. #.......(.#
# #.>.....(.#
+.........#
#...$...@)#
#.......c.#
##.####...# #.
#...# ....#
.....# .....#
#.....#


You could see a centaur.

Vanquished Creatures
  Sigmund (D:5)
  2 ogres
  A centaur (D:5)
  An orc priest (D:3)
  An orc wizard (D:3)
  A worker ant (D:4)
  8 big kobold zombies (Ossuary)
  A mummy (Ossuary)
  A howler monkey skeleton (D:2)
  7 adders
  2 adder skeletons (D:4)
  3 worms
  5 dart slugs
  3 leopard geckos
  7 orcs
  2 spectral bats (Ossuary)
  2 giant cockroaches
  4 gnoll zombies (Ossuary)
  12 goblins
  4 hobgoblins
  4 jackals (D:4)
  8 kobolds
  3 bats
  4 bat simulacra (Ossuary)
  4 frilled lizards
  4 goblin simulacra (Ossuary)
  2 goblin zombies (Ossuary)
  9 hobgoblin zombies (Ossuary)
  3 kobold simulacra (Ossuary)
  2 kobold zombies (Ossuary)
  A leopard gecko skeleton (D:4)
  5 orc zombies (Ossuary)
  A quokka skeleton (D:4)
  12 rats
  A rat simulacrum (Ossuary)
  A spectral goblin (Ossuary)
  7 spectral kobolds (Ossuary)
  4 spectral rats (Ossuary)
143 creatures vanquished.

Notes
Turn   | Place    | Note
-------+----------+-------------------------------------------
     0 | D:1      | shmeve the Minotaur Berserker began the quest for the Orb.
     0 | D:1      | Reached XP level 1. HP: 19/19 MP: 0/0
   240 | D:1      | Reached XP level 2. HP: 25/27 MP: 1/1
   960 | D:2      | Reached XP level 3. HP: 33/33 MP: 2/2
   979 | D:2      | Reached ** piety under Trog
  1389 | D:2      | Reached skill level 1 in Throwing
  1389 | D:2      | Reached XP level 4. HP: 37/41 MP: 3/3
  1642 | D:3      | Found a stormy altar of Qazlal.
  1768 | D:3      | Reached XP level 5. HP: 47/47 MP: 4/4
  1994 | D:3      | Reached skill level 5 in Axes
  2000 | D:3      | Reached skill level 5 in Fighting
  2398 | D:4      | Reached *** piety under Trog
  2442 | D:4      | Noticed an ogre
  2451 | D:4      | Killed an ogre
  2451 | D:4      | Reached XP level 6. HP: 37/56 MP: 5/5
  2644 | D:4      | Found an opulent altar of Gozag.
  2875 | D:4      | Found Fothra's Assorted Antiques.
  2881 | D:4      | Bought a scroll labeled KYULIKHLUIPH for 33 gold pieces
  2881 | D:4      | Bought a scroll labeled SAL KASEB ESKIT for 33 gold pieces
  2881 | D:4      | Bought a scroll labeled SAL KASEB ESKIT for 33 gold pieces
  2881 | D:4      | Bought a scroll labeled OBBABL DEMNU for 33 gold pieces
  2947 | D:4      | Found a sand-covered staircase.
  2954 | Ossuary  | Entered an ossuary
  3093 | Ossuary  | Reached **** piety under Trog
  3252 | Ossuary  | Reached XP level 7. HP: 58/62 MP: 6/6
  3596 | D:5      | Entered Level 5 of the Dungeon
  3596 | D:5      | Noticed Sigmund
  3604 | D:5      | Killed Sigmund
  3632 | D:5      | HP: 3/64 [centaur (5)]
  3632 | D:5      | Slain by a centaur

Levels and vault maps discovered:
D:1:      psy_arrival_whirlpool, layout_loops_ring
D:2:      layout_basic, grunt_ministairs_6, minmay_pentomino_u4
D:3:      layout_rooms, grunt_qazlal_sundering
D:4:      layout_loops_ring, grunt_gozag_breadcrumbs, first_ration,
          serial_shops, shop_statue, chequers_ossuary_entry_cave
D:5:      layout_gridville, uniq_menkaure, uniq_sigmund, uniq_ijyb

Skill      XL: |  1  2  3  4  5  6  7 |
---------------+----------------------+-----
Axes           | 4 5 6 |  6.7
Fighting       | 4 5 6 |  6.6
Armour         | 3 4 |  4.5
Throwing       | 1 2 3 |  3.1
Dodging        | 3 4 |  4.0

Action                   |  1- 3 |  4- 6 |  7- 9 || total
-------------------------+-------+-------+-------++-------
Melee: Hand axe          |    68 |   232 |    33 ||   333
       Headbutt          |     3 |    59 |     9 ||    71
Invok: Berserk           |       |     2 |     1 ||     3
       Trog's Hand       |       |     1 |     1 ||     2
 Stab: Sleeping          |     1 |       |       ||     1
  Eat: Chunk             |     1 |     8 |       ||     9
       Ration            |       |       |     1 ||     1
Armor: Animal skin       |     5 |       |       ||     5
       Chain mail        |    32 |   150 |    24 ||   206
Dodge: Dodged            |    36 |   113 |    22 ||   171
